 Dungeon Crawl Stone Soup version 0.30-a0-989-g0d87f670db (webtiles) character file.

Game seed: 8037373428554107741

50 Zdeegee the Sneak (level 3, 0/17 HPs)
             Began as a Vine Stalker Enchanter on Apr 2, 2023.
             Killed from afar by Natasha (6 damage)
             ... with a magic dart
             ... on level 2 of the Dungeon.
             The game lasted 00:05:09 (1780 turns).

Zdeegee the Sneak (Vine Stalker Enchanter)          Turns: 1780, Time: 00:05:09

Health: 0/17       AC:  2    Str: 10    XL:     3   Next: 79%
Magic:  0/7        EV: 12    Int: 15    God:
Gold:   36         SH:  0    Dex: 16    Spells: 2/7 levels left

rFire   . . .      SeeInvis .    a - +1 dagger
rCold   . . .      Faith    .    (no shield)
rNeg    . . .      Spirit   +    d - +0 robe
rPois   .          Reflect  .    (no helmet)
rElec   .          Rampage  .    (no cloak)
rCorr   .                        (no gloves)
Will    .....                    (no boots)
Stlth   +++                      (no amulet)
HPRegen 0.22/turn                (no ring)
MPRegen 0.10/turn                (no ring)

@: slowed, very slow
A: fangs 2, magic shield, antimagic bite, no potion heal 2
a: no special abilities


You were on level 2 of the Dungeon.
You visited 1 branch of the dungeon, and saw 2 of its levels.

You collected 36 gold pieces.

Inventory:

Hand Weapons
 a - a +1 dagger (weapon)
 b - a +0 sling
 i - a +0 short sword
Missiles
 h - 22 stones
Armour
 d - a +0 robe (worn)
Wands
 n - a wand of flame (30)
Scrolls
 f - a scroll of poison {unknown}
 j - a scroll of summoning {unknown}
 m - a scroll of identify {unknown}
Potions
 c - 2 potions of invisibility
 e - a potion of degeneration {unknown}
 g - 4 potions of heal wounds {unknown}
 k - a potion of haste {unknown}
 l - a potion of might {unknown}


   Skills:
 * Level 0.6 Fighting
 * Level 1.0 Short Blades
 * Level 1.8 Dodging
 * Level 4.5 Stealth
 * Level 2.6 Spellcasting
 * Level 3.2 Hexes
 + Level 0.4 Ice Magic
 * Level 0.1 Evocations


You had 2 spell levels left.
You knew the following spells:

 Your Spells              Type           Power      Damage    Failure   Level
a - Ensorcelled Hibernat  Hex/Ice        14%        N/A       16%         2
b - Tukima's Dance        Hex            11%        N/A       16%         3

Your spell library contained the following spells:

 Spells                   Type           Power      Damage    Failure   Level
 Confusing Touch          Hex            11%        N/A       16%         3
 Dazzling Flash           Conj/Hex       12%        N/A       32%         3


Dungeon Overview and Level Annotations

Branches:
Dungeon (2/15)

Altars:

Shops:
D:1 ?

Annotations:
D:2 Natasha


Innate Abilities, Weirdness & Mutations

You have extremely sharp teeth.
When hurt, damage is shared between your health and your magic reserves.
Your bite disrupts and absorbs the magic of your enemies.
Potions cannot restore your health.


Message History

You kill the rat!
No target in view!
You now have 36 gold pieces (gained 10).
Found a club.
A frilled lizard comes into view.
Found a gold wand.
A frilled lizard is nearby!
You see here a rat corpse.
The frilled lizard hisses angrily.
The frilled lizard bites you.
You hit the frilled lizard.
You kill the frilled lizard!
n - a wand of flame (30)
You open the door.
Natasha, Servant of Life and Death comes into view.
There is an open door here.
Natasha is nearby!
Natasha hisses angrily.
Natasha stares at you and mumbles some strange words.
The magic dart hits you.
Natasha resists with some effort.
Natasha barely misses you.
You hit Natasha. Your bite misses Natasha.
Natasha is lightly wounded.
Natasha claws you.
Natasha resists with some effort.
Natasha mumbles some strange words.
You don't have enough magic to cast this spell.
Casting: Ensorcelled Hibernation (safe; 16% risk of failure)
Confirm with . or Enter, or press ? or * to list all spells.
Okay, then.
The crimson imp blinks!
Natasha attacks as you move away! Natasha claws you.
* * * LOW HITPOINT WARNING * * *
Natasha misses you.
There is an open door here.
Natasha stares at you and mumbles some strange words.
You feel yourself slow down.
Natasha stares at you and mumbles some strange words.
The magic dart hits you!
You die...

# #......# ##.......## #....#
########...####.........####...##
..............+.........+.......#
######.....####.........####...##
.## #.##.## ##.......## #.....
#.# #.#### ##.....## ##.### #.#
#.# ##...## #.# #.# #.#
##########'## #.# .## #.#
#......@.h.# #.# ## #.#
#.#######..# ######.# #.# #..##
#......# #####...###.######
#...........# #.###...##### #..##
#.## ...#


You could see Natasha.

Vanquished Creatures
  An adder (D:2)
  A dart slug (D:1)
  2 ball pythons (D:1)
  5 endoplasms (D:1)
  A giant cockroach (D:1)
  5 goblins
  2 hobgoblins
  2 jackals (D:2)
  3 kobolds
  2 quokkas (D:1)
  5 bats
  2 frilled lizards
  5 rats
36 creatures vanquished.

Notes
Turn   | Place    | Note
-------+----------+-------------------------------------------
     0 | D:1      | Zdeegee the Vine Stalker Enchanter began the quest for the
                  | Orb.
     0 | D:1      | Reached XP level 1. HP: 9/9 MP: 4/4
   284 | D:1      | Reached XP level 2. HP: 12/13 MP: 4/6
   288 | D:1      | Learned a level 2 spell: Ensorcelled Hibernation
   509 | D:1      | Reached skill level 4 in Stealth
   632 | D:1      | Found Kupsuic's Magic Scroll Emporium.
   846 | D:1      | Reached XP level 3. HP: 17/17 MP: 4/7
   854 | D:1      | Learned a level 3 spell: Tukima's Dance
  1109 | D:1      | Reached skill level 1 in Short Blades
  1764 | D:2      | Noticed Natasha
  1780 | D:2      | Killed from afar by Natasha

Illustrated notes

Levels and vault maps discovered:
D:1:      minmay_arrival_widening_spiral_wide, layout_loops_corners,
          serial_shops, shop
D:2:      layout_loops_corners, uniq_crazy_yiuf_cottage, uniq_natasha

Skill      XL: |  1  2  3 |
---------------+----------+-----
Stealth        | 4 |  4.5
Short Blades   | 1 |  1.0
Fighting       | |  0.6
Dodging        | |  1.8
Spellcasting   | |  2.6
Hexes          | |  3.2
Ice Magic      | |  0.4
Evocations     | |  0.1

Action                     || total
---------------------------++-------
  Melee: Dagger            ||    61
         Bite              ||    12
   Cast: Ensorcelled Hiber ||    22
         Tukima's Dance    ||     1
   Stab: Sleeping          ||    22
 Armour: Robe              ||    15
  Dodge: Dodged            ||    38

Table legend: (Time is in decaauts)
 A = Elapsed time spent in this place.
 B = Non-inter-level travel time spent in this place.
 C = Inter-level travel time spent in this place.
 D = Time resting spent in this place.
 E = Time spent auto-exploring this place.
 F = Levels seen in this place.
 G = Mean time per level.
                   A        B        C        D        E       F      G
               +--------+--------+--------+--------+--------+-----+--------+
         Total |   1776 |   1760 |     16 |      0 |   1485 |   2 |  888.0 |
       Dungeon |   1776 |   1760 |     16 |      0 |   1485 |   2 |  888.0 |
               +--------+--------+--------+--------+--------+-----+--------+

Top non-repeatable levels by time:
     D:1: 1131 daAuts
     D:2: 645 daAuts
